Winsalotina, neutral female human Priestess ------- |.....+ |.....| |....d| |....a. |...a@| -.----- Winsalotina the Adept Experience level: 6 Strength: 12 Dexterity: 8 Constitution: 17 Intelligence: 9 Wisdom: 18 Charisma: 11 Health: 0(53) Energy: 13(76) AC: -1 Gold: 591 Moves: 3780 Your Inventory: Coins $ - 591 gold pieces Amulets m - an uncursed rectangular amulet [of unchanging] y - an uncursed hexagonal amulet [of ESP] (being worn) Weapons a - a blessed rusty +1 mace (weapon in hand) r - 4 blessed [+0] darts s - 12 uncursed [+0] darts E - an uncursed +0 orcish spear [of telepathy] Armor b - an uncursed burnt +0 robe (being worn) c - an uncursed +0 small shield (being worn) n - an uncursed +0 elven mithril-coat (being worn) p - an uncursed +0 iron skull cap [orcish helm] (being worn) A - an uncursed +1 pair of hard shoes [iron] (being worn) Comestibles e - an uncursed clove of garlic f - 2 uncursed sprigs of wolfsbane Scrolls H - a cursed unlabeled scroll [of blank paper] Spellbooks g - an uncursed spellbook of healing h - an uncursed spellbook of stone to flesh I - an uncursed spellbook of detect monsters Potions d - 2 potions of holy water G - a cursed ruby potion [of invisibility] Rings L - an uncursed plain ring [of protection from shape changers] (on left hand) Tools j - an uncursed tin whistle q - an uncursed [wax] candle t - 6 uncursed [tallow] candles u - an uncursed [+0] pick-axe w - an uncursed key [skeleton key] Spells known in the end: Name Level Category Fail Memory a - healing 1 healing 67% [|||||||.] b - stone to flesh 3 healing 89% [|||||||.] c - magic mapping 5 divination 100% [||||||||] d - detect monsters 1 divination 85% [||||||||] Your skills at the end: Fighting Skills Weapon Skills mace [Basic / Expert] Spellcasting Skills healing spells [Basic / Expert] clerical spells [Basic / Expert] Final Attributes: You were piously aligned. Hunger level was 812. Your alignment was 28 / 28. Monster difficulty range was 1 - 6. Level difficulty was 6. You were telepathic. You were protected from shape changers. Your luck was zero. You are dead. Vanquished creatures: an imp 2 rock piercers a rock mole a gnome lord a gray ooze a ghoul a floating eye a kitten 3 dwarves 2 homunculi a kobold shaman a rothe a giant bat a monkey a dwarf zombie an iguana a gas spore a hobbit 3 hobgoblins a brown mold 2 yellow molds a red mold 15 gnomes 5 geckos 6 jackals a fox a goblin 5 grid bugs a bat 3 lichens 2 kobold zombies 4 newts 72 creatures vanquished. Voluntary challenges: You were an atheist. You used a wielded weapon 79 times. You read items or engraved 11 times. You put on armor 13 times. You never genocided any monsters. You never polymorphed an object. You never changed form. You used no wishes. You never wrote Elbereth's name. You never encountered a bones level. You never used any Sokoban shortcuts. Dungeon overview: The Dungeons of Doom: levels 1 to 6 Level 1 some fountains a long staircase Level 2 a general store, a fountain stairs to The Gnomish Mines Level 3 a weapon shop, a fountain Level 4 an altar, a fountain Level 5 a fountain Level 6 <- You were here The Gnomish Mines: Level 3 stairs to The Dungeons of Doom History has recorded: On T:1 you entered the Dungeons of Doom to retrieve the Amulet of Yendor! On T:386 you reached level 2 of The Dungeons of Doom. On T:398 you advanced to experience level 2. On T:810 you advanced to experience level 3. On T:985 you reached level 1 of The Gnomish Mines. On T:998 you advanced to experience level 4. On T:1047 you advanced to experience level 5. On T:1457 you reached level 3 of The Dungeons of Doom. On T:2349 you advanced to experience level 6. On T:2862 you reached level 4 of The Dungeons of Doom. On T:3283 you reached level 5 of The Dungeons of Doom. On T:3772 you reached level 6 of The Dungeons of Doom. Latest messages: The soldier ant bites! The soldier ant just misses! The soldier ant bites! The soldier ant misses. [HP-2=30] You miss the soldier ant. The dog bites the soldier ant. The soldier ant misses the dog. (2x) The soldier ant bites! The soldier ant stings! The dog bites the soldier ant. [HP-10=20] You miss the soldier ant. The dog misses the soldier ant. The soldier ant bites! The soldier ant stings! The soldier ant misses. (2x) [HP-13=7] The dog misses the soldier ant. [HP+1=8] You hear a door open. The soldier ant bites! The soldier ant misses. The soldier ant bites! The soldier ant stings! You die... Final status: Goodbye Winsalotina the Priestess... You died in The Dungeons of Doom on dungeon level 6 with 894 points, and 591 pieces of gold, after 3780 moves. You were level 6 with a maximum of 53 hit points when you died.